 Dungeon Crawl Stone Soup version 0.24-a0-67-ga78bd38 (webtiles) character file.

Game seed: 4855423605853922362

2108 JeffiDaFish the Merchant of Misery (level 9, -45/68 HPs)
             Began as a Mummy Necromancer on Feb 5, 2019.
             Was a Believer of Kikubaaqudgha.
             Killed from afar by a wizard (56 damage)
             ... with a crystal spear
             ... on level 7 of the Dungeon.
             The game lasted 00:19:19 (5460 turns).

JeffiDaFish the Merchant of Misery (MuNe)           Turns: 5460, Time: 00:19:20

Health: -45/68     AC:  6    Str: 12    XL:     9   Next: 7%
Magic:  1/20       EV: 12    Int: 17    God:    Kikubaaqudgha [**....]
Gold:   83         SH:  4    Dex: 16    Spells: 12/23 levels left

rFire    x . .     SeeInvis .   k - +3 rapier (venom)
rCold    + . .     Gourm    .   (no shield)
rNeg     + + +     Faith    .   a - +0 robe
rPois    ∞         Spirit   .   h - +0 helmet
rElec    .         Reflect  +   (no cloak)
rCorr    .         Harm     .   d - +2 pair of gloves
MR       +....                  (no boots)
Stlth    ++........             i - +4 amulet of reflection
HPRegen  0.21/turn              r - +4 ring of dexterity
MPRegen  0.17/turn              g - +6 ring of slaying

@: very slightly contaminated
A: no food or potions, fire vulnerability, cold resistance 1, negative energy
resistance 3, torment resistance, unbreathing
a: Receive Corpses, Renounce Religion


You were on level 7 of the Dungeon.
You worshipped Kikubaaqudgha.
Kikubaaqudgha was pleased with you.
You were not hungry.

You visited 2 branches of the dungeon, and saw 8 of its levels.
You also visited: Ossuary.

You collected 237 gold pieces.
You spent 154 gold pieces at shops.

Inventory:

Hand Weapons
 k - a +3 rapier of venom (weapon)
Armour
 a - a +0 robe (worn)
 d - a +2 pair of gloves (worn)
 h - a +0 helmet (worn)
 j - a +0 ring mail of fire resistance
Jewellery
 f - an uncursed ring of fire
 g - a +6 ring of slaying (right hand)
 i - a +4 amulet of reflection (around neck)
 r - a +4 ring of dexterity (left hand)
Wands
 m - a wand of polymorph (5)
Scrolls
 b - a scroll of magic mapping
 c - 6 scrolls of teleportation
 e - 2 scrolls of fog
 l - a scroll of remove curse
 n - a scroll of enchant armour
 o - 5 scrolls of identify
 q - a scroll of blinking


   Skills:
 + Level 5.5 Fighting
 - Level 1.0 Short Blades
 - Level 1.6 Dodging
 - Level 1.7 Stealth
 + Level 7.5 Spellcasting
 * Level 9.4 Necromancy


You had 12 spell levels left.
You knew the following spells:

 Your Spells              Type           Power        Failure   Level  Hunger
a - Pain                  Necr           ####         1%          1    N/A
b - Animate Skeleton      Necr           N/A          1%          1    N/A
c - Vampiric Draining     Necr           #####.....   1%          3    N/A
d - Animate Dead          Necr           N/A          2%          4    N/A
e - Corpse Rot            Necr           N/A          1%          2    N/A

Your spell library contained the following spells:

 Spells                   Type           Power        Failure   Level  Hunger
 Regeneration             Chrm/Necr      Unusable     N/A         3    N/A

Dungeon Overview and Level Annotations

Branches:
Dungeon (7/15)             Temple (1/1) D:4

Altars:
Cheibriados
Elyvilon
Fedhas
Gozag
Kikubaaqudgha
Makhleb
Nemelex Xobeh
Okawaru
Qazlal
Ru
Sif Muna
Trog
Uskayaw
Vehumet
Xom
Yredelemnul
Zin
The Shining One

Shops:
D:5 (   D:6 ?


Innate Abilities, Weirdness & Mutations

You do not eat or drink.
Your flesh is vulnerable to fire.
You are immune to poison.
Your flesh is cold resistant. (rC+)
You are immune to negative energy. (rN+++)
You are immune to unholy pain and torment.
You can survive without breathing.


Message History

Aiming: Vampiric Draining (safe; 1% risk of failure)
Press: ? - help, Shift-Dir - straight line, f/p - wizard
Aim: a wizard, wielding the +4 broad axe of Masi {speed, rF+} and wearing a +0 robe (purple smoke, heavily wounded, fast)
The wizard is severely wounded.
You feel life coursing into your body. The wizard hits you but does no damage.
Casting: Vampiric Draining (safe; 1% risk of failure)
Confirm with . or Enter, or press ? or * to list all spells.
Aiming: Vampiric Draining (safe; 1% risk of failure)
Press: ? - help, Shift-Dir - straight line, f/p - wizard
Aim: a wizard, wielding the +4 broad axe of Masi {speed, rF+} and wearing a +0 robe (purple smoke, severely wounded, fast)
The wizard is almost dead.
You feel life coursing into your body.
The wizard hits you with the +4 broad axe of Masi {speed, rF+}!
* * * LOW HITPOINT WARNING * * *
An orc comes into view. It is wielding a +0 mace.
The wizard points at you and mumbles some strange words.
The crystal spear hits you!!!
Ouch! That really hurt!
You die...
Kikubaaqudgha rasps: "You have failed me!
Welcome... oblivion!"

####...).....##.##...
##?....................
#......................
|.........(..........# .
...##..........#.....##.)
...#....##...###.(......>
#.........[..............
.?##..##.#§###§..........
. ### #..§p@§§.o[.......
#..§§§§...........
#..§§§...o.......#
#.....##.....o#....
...###.............. ....
............... .....
................
........_.............
...............


You could see a wizard, an orc priest and an orc.

Vanquished Creatures
  An orc sorcerer (D:7)
  2 ogres
  An orc warrior (D:6)
  A centaur (D:6)
  A scorpion (D:6)
  A crimson imp (D:6)
  6 hounds
  10 orc wizards
  3 orc priests
  2 jellies (D:5)
  An iguana (D:6)
  7 worker ants
  A hound zombie (D:5)
  A hound skeleton (D:5)
  2 gnolls (D:6)
  2 howler monkey skeletons
  7 adders
  A shadow imp (D:7)
  5 worms
  5 dart slugs
  4 leopard geckos
  28 orcs
  2 ball pythons
  8 bats
  4 giant cockroaches
  A gnoll zombie (Ossuary)
  3 goblins
  6 hobgoblins
  4 jackals
  5 quokkas
  5 frilled lizards
  A hobgoblin zombie (Ossuary)
  6 kobolds
  4 kobold zombies (Ossuary)
  An orc zombie (Ossuary)
  8 rats
150 creatures vanquished.

Vanquished Creatures (collateral kills)
  A phantom (D:6)
  An ogre (D:4)
  2 bullfrogs (D:6)
  An orc priest (D:6)
  A hound (D:6)
  A gnoll (D:6)
  An ooze (D:1)
  A bat (D:3)
9 creatures vanquished.

Grand Total: 159 creatures vanquished

Notes
Turn   | Place    | Note
-------+----------+-------------------------------------------
     0 | D:1      | JeffiDaFish the Mummy Necromancer began the quest for the
                  | Orb.
     0 | D:1      | Reached XP level 1. HP: 13/13 MP: 4/4
    46 | D:1      | Learned a level 1 spell: Animate Skeleton
    79 | D:1      | Reached XP level 2. HP: 16/19 MP: 1/6
   474 | D:1      | Reached XP level 3. HP: 24/24 MP: 7/7
   502 | D:1      | Learned a level 3 spell: Vampiric Draining
   820 | D:2      | Reached skill level 1 in Short Blades
   875 | D:2      | Found a hide-covered altar of Uskayaw.
  1177 | D:3      | Reached XP level 4. HP: 27/31 MP: 5/9
  1205 | D:3      | Reached skill level 1 in Fighting
  1205 | D:3      | Reached skill level 5 in Necromancy
  1212 | D:3      | Learned a level 4 spell: Animate Dead
  1358 | D:3      | Reached XP level 5. HP: 35/37 MP: 10/10
  1820 | D:3      | Found an opulent altar of Gozag.
  2181 | D:4      | Found a staircase to the Ecumenical Temple.
  2185 | D:4      | Noticed an ogre
  2192 | Temple   | Entered the Ecumenical Temple
  2200 | Temple   | Became a worshipper of Kikubaaqudgha
  2218 | D:4      | Killed an ogre
  2218 | D:4      | Reached skill level 6 in Necromancy
  2218 | D:4      | Reached XP level 6. HP: 44/44 MP: 6/12
  2599 | D:4      | Found a snail-covered altar of Cheibriados.
  2618 | D:4      | Reached skill level 5 in Spellcasting
  3016 | D:4      | Reached XP level 7. HP: 52/52 MP: 11/14
  3073 | D:5      | Entered Level 5 of the Dungeon
  3143 | D:5      | Found a sand-covered staircase.
  3148 | Ossuary  | Entered an ossuary
  3491 | D:5      | Reached * piety under Kikubaaqudgha
  3491 | D:5      | Identified Kikubaaqudgha's Collected Works on Evil Secrets
                  | (Kikubaaqudgha gifted it to you on level 5 of the Dungeon)
  3491 | D:5      | Received a gift from Kikubaaqudgha
  3585 | D:5      | Reached skill level 7 in Necromancy
  3684 | D:5      | Learned a level 2 spell: Corpse Rot
  3827 | D:5      | Found Wimoit's Antique Weapon Boutique.
  4081 | D:5      | Reached ** piety under Kikubaaqudgha
  4367 | D:6      | Reached XP level 8. HP: 60/60 MP: 13/17
  4590 | D:6      | Reached skill level 8 in Necromancy
  4598 | D:6      | Found Vaachonisa's Magic Scroll Shop.
  4611 | D:6      | Bought a scroll of identify for 22 gold pieces
  4611 | D:6      | Bought a scroll of teleportation for 33 gold pieces
  4611 | D:6      | Bought a scroll of identify for 22 gold pieces
  4611 | D:6      | Bought a scroll of identify for 22 gold pieces
  4611 | D:6      | Bought a scroll of fog for 22 gold pieces
  4611 | D:6      | Bought a scroll of teleportation for 33 gold pieces
  5059 | D:6      | Reached skill level 5 in Fighting
  5348 | D:6      | Found a glowing silver altar of Zin.
  5348 | D:6      | Found a glowing golden altar of the Shining One.
  5349 | D:6      | Found a white marble altar of Elyvilon.
  5399 | D:7      | Found a glowing silver altar of Zin.
  5425 | D:7      | Reached skill level 9 in Necromancy
  5436 | D:7      | Noticed an orc sorcerer
  5436 | D:7      | Noticed a wizard
  5444 | D:7      | Identified the +4 broad axe of Masi {speed, rF+}
  5447 | D:7      | Killed an orc sorcerer
  5447 | D:7      | Reached XP level 9. HP: 68/68 MP: 11/20
  5449 | D:7      | Noticed an orc sorcerer
  5460 | D:7      | Killed from afar by a wizard

Vault maps used:
D:1:      minmay_arrival_radiant_lines, minmay_tetromino_t2
D:2:      lemuel_round_altar, first_ration
D:3:      nicolae_overflow_hidden_temple
D:4:      lemuel_crystal_altar, minmay_temple_entry_grid
D:5:      enter_ossuary_5, serial_shops, nicolae_shop_crystal
D:6:      good_gods_temple_1, serial_shops, shop, minivault_11
D:7:      cheibrodos_wizards_tower, basic_altar
Temple:   nicolae_temple_no_exploring_needed
Ossuary:  ossuary_tomb_3

Skill      XL: |  1  2  3  4  5  6  7  8 |
---------------+-------------------------+-----
Spellcasting   | 3 4 5 6 7 |  7.5
Short Blades   | 1 |  1.0
Fighting       | 1 2 3 4 5 |  5.5
Necromancy     | 5 6 7 9 |  9.4
Dodging        | |  1.6
Stealth        | |  1.7

Action                   |  1- 3 |  4- 6 |  7- 9 || total
-------------------------+-------+-------+-------++-------
Melee: Short sword       |    69 |    82 |    79 ||   230
       Rapier            |       |       |    30 ||    30
 Cast: Pain              |    19 |    33 |    73 ||   125
       Animate Skeleton  |    10 |     8 |       ||    18
       Animate Dead      |       |     9 |    16 ||    25
       Vampiric Draining |       |     3 |    10 ||    13
       Corpse Rot        |       |       |     1 ||     1
Invok: Receive Corpses   |       |       |     1 ||     1
  Use: Scroll            |     5 |     3 |     7 ||    15
 Stab: Sleeping          |     6 |     3 |     4 ||    13
Armor: Robe              |    17 |    22 |    31 ||    70
Dodge: Dodged            |    39 |    40 |    64 ||   143
Block: Other             |       |     6 |    13 ||    19
       Reflection        |       |       |     1 ||     1

Table legend:
 A = Non-vault XP
 B = Vault XP
 C = Vault XP percentage of total XP
 D = Non-vault monster count
 E = Vault monster count
 F = Vault count percentage of total count
                 A         B        C        D         E       F
            +---------+---------+-------+---------+---------+-------
      Total |    2436 |     576 |  19.1 |     149 |      10 |   6.3
            +---------+---------+-------+---------+---------+-------
        D:1 |      45 |       3 |   6.2 |      21 |       2 |   8.7
        D:2 |      44 |       0 |   0.0 |      15 |       0 |   0.0
        D:3 |     193 |       0 |   0.0 |      32 |       0 |   0.0
        D:4 |     471 |       0 |   0.0 |      17 |       0 |   0.0
        D:5 |     596 |       0 |   0.0 |      30 |       0 |   0.0
        D:6 |    1023 |       0 |   0.0 |      31 |       0 |   0.0
        D:7 |      64 |     565 |  89.8 |       3 |       1 |  25.0
    Ossuary |       0 |       8 | 100.0 |       0 |       7 | 100.0
            +---------+---------+-------+---------+---------+-------
